 Dungeon Crawl Stone Soup version 0.29.1-12-g30fa7ad0bf (webtiles) character file.

Game seed: 11078016661494960831

31 mopl the Chopper (level 3, -1/28 HPs)
             Began as a Formicid Warper on Jan 5, 2023.
             Slain by a rat (2 damage)
             ... on level 2 of the Dungeon.
             The game lasted 00:01:08 (1056 turns).

mopl the Chopper (Formicid Warper)                  Turns: 1056, Time: 00:01:08

Health: -1/28      AC:  6    Str: 15 (17) XL:     3   Next: 40%
Magic:  6/6        EV: 10    Int:  9 (12) God:
Gold:   67         SH:  0    Dex: 11 (13) Spells: 6/6 levels left

rFire   . . .      SeeInvis +   a - +0 hand axe
rCold   . . .      Faith    .   (no shield)
rNeg    . . .      Spirit   .   l - +0 ring mail
rPois   .          Reflect  .   (helmet unavailable)
rElec   .          Harm     .   b - +0 cloak
rCorr   .          Rampage  .   (no gloves)
Will    .....                   (no boots)
Stlth   +.........              (no amulet)
HPRegen 0.09/turn               (no ring)
MPRegen 0.10/turn               (no ring)

@: no status effects
A: permanent stasis, dig shafts and tunnels, antennae 3, four strong arms
a: Dig, Shaft Self


You were on level 2 of the Dungeon.
You visited 1 branch of the dungeon, and saw 2 of its levels.

You collected 67 gold pieces.

Inventory:

Hand Weapons
 a - a +0 hand axe (weapon)
Missiles
 c - 7 boomerangs of dispersal (quivered)
 i - 5 poisoned darts
Armour
 b - a +0 cloak (worn)
 l - a +0 ring mail (worn)
Scrolls
 d - a scroll of identify {unknown}
 e - 2 scrolls of vulnerability {unknown}
 f - a scroll of teleportation {unknown}
 g - a scroll of enchant weapon {unknown}
 h - a scroll of amnesia {unknown}
 k - 2 scrolls of magic mapping {unknown}


   Skills:
 + Level 2.6 Fighting
 * Level 2.9 Axes
 - Level 1.0 Throwing
 + Level 1.9 Armour
 - Level 1.7 Dodging
 - Level 2.1 Spellcasting
 - Level 2.6 Translocations


You had 6 spell levels left.
You didn't know any spells.
Your spell library contained the following spells:

 Spells                   Type           Power      Damage    Failure   Level
 Gell's Gravitas          Tloc           5%         N/A       54%         3
 Lesser Beckoning         Tloc           5%         N/A       54%         3
 Teleport Other           Tloc           5%         N/A       54%         3
 Manifold Assault         Tloc           5%         N/A       99%         5
 Blink                    Tloc           Unusable   N/A       N/A         2

Dungeon Overview and Level Annotations

Branches:
Dungeon (2/15)

Altars:

Annotations:
D:2 Robin


Innate Abilities, Weirdness & Mutations

You cannot be hasted, slowed, berserked, paralysed or teleported.
You can dig through walls and to a lower floor.
You have a pair of large antennae on your head. (SInv)
Your four strong arms can wield two-handed weapons with a shield.


Message History

The goblin is moderately wounded.
You hit Robin. You hit the goblin.
Robin roars a battlecry!
The goblins go into a battle-frenzy!
The goblin hits you with a +0 dagger. The goblin hits you but does no damage.
Unknown command.
You closely miss the goblin.
The goblin is moderately wounded.
You miss the goblin. You barely miss Robin. Robin hits you with a +0 spear.
* * * LOW HITPOINT WARNING * * *
The goblin hits you with a +0 dagger.
* * * LOW HITPOINT WARNING * * *
An endoplasm comes into view.
The goblin hits you with a +0 club.
* * * LOW HITPOINT WARNING * * *
You hit the goblin.
You kill the goblin!
You hit Robin. You hit the goblin.
You kill the goblin!
Robin throws the goblin at you!
A rat comes into view.
Unknown command.
You slash the goblin!
You kill the goblin!
You hit Robin. You closely miss the goblin. Robin throws the goblin at you!
The goblin barely misses you. The goblin closely misses you.
Unknown command.
You hit the goblin.
You kill the goblin!
You hit Robin. You hit the goblin. The goblin hits you with a +0 club.
* * * LOW HITPOINT WARNING * * *
Robin hits you with a +0 spear.
* * * LOW HITPOINT WARNING * * *
The goblin misses you. The rat closely misses you.
Robin hits you but does no damage.
It was a potion of degeneration.
There was something very wrong with that liquid.
You feel weakened.
You feel dopey.
You feel clumsy. The rat bites you.
You die...

{ ##########
#......g.g{{
#.######## #)#
#.########.#
#....#r@ggJ....#
#..##.##gg.......
#.. #.#.g........
#.. .....####..##
#. ##.##.# .# #
#. #.# # #. #.#
#. ...


You could see Robin, an endoplasm, 2 hobgoblins, 2 goblins and a rat.

Vanquished Creatures
  2 endoplasms (D:1)
  4 giant cockroaches (D:1)
  6 goblins (D:2)
  3 hobgoblins
  3 kobolds (D:1)
  A quokka (D:1)
  3 ball pythons
  3 bats (D:1)
  A rat (D:1)
26 creatures vanquished.

Notes
Turn   | Place    | Note
-------+----------+-------------------------------------------
     0 | D:1      | mopl the Formicid Warper began the quest for the Orb.
     0 | D:1      | Reached XP level 1. HP: 16/16 MP: 3/3
   135 | D:1      | Reached XP level 2. HP: 22/23 MP: 5/5
   852 | D:1      | Reached XP level 3. HP: 15/28 MP: 6/6
  1042 | D:2      | Noticed Robin
  1055 | D:2      | HP: 1/28 [Robin/+0 spear (3)]
  1056 | D:2      | Slain by a rat

Illustrated notes

Levels and vault maps discovered:
D:1:      beargit_arrival_greenhouse, layout_basic
D:2:      layout_loops_ring, grunt_ministairs_12, lemuel_flame_loot_1,
          uniq_robin

Action                   || total
-------------------------++-------
Melee: Hand axe          ||    84
  Use: Potion            ||     1
 Stab: Sleeping          ||     1
Armor: Leather armour    ||    25
       Ring mail         ||    14
Dodge: Dodged            ||    70
